 Dungeon Crawl Stone Soup version 0.29-a0-275-g389c0b56f3 (webtiles) character file.

Game seed: 17525511400675632468

5 KJlag the Caller (level 1, 0/10 HPs)
             Began as a Tengu Summoner on Mar 9, 2022.
             Slain by a quokka (4 damage)
             ... on level 1 of the Dungeon.
             The game lasted 00:01:53 (112 turns).

KJlag the Caller (Tengu Summoner)                    Turns: 112, Time: 00:01:53

Health: 0/10       AC:  5    Str:  8    XL:     1   Next: 80%
Magic:  2/4        EV: 10    Int: 15    God:
Gold:   13         SH:  0    Dex: 14    Spells: 3/4 levels left

rFire   . . .      SeeInvis .   d - +0 short sword
rCold   . . .      Faith    .   (no shield)
rNeg    . . .      Spirit   .   c - +0 ring mail
rPois   .          Reflect  .   (helmet restricted)
rElec   .          Harm     .   (no cloak)
rCorr   .          Rampage  .   (no gloves)
Will    .....                   (boots unavailable)
Stlth   +.........              (no amulet)
HPRegen 0.03/turn               (no ring)
MPRegen 0.09/turn               (no ring)

@: no status effects
A: beak, talons 3
a: no special abilities


You were on level 1 of the Dungeon.
You visited 1 branch of the dungeon, and saw 1 of its levels.

You collected 13 gold pieces.

Inventory:

Hand Weapons
 d - a +0 short sword (weapon)
Armour
 a - a +0 robe
 c - a +0 ring mail (worn)
Potions
 b - a potion of magic
 e - a potion of flight {unknown}


   Skills:
 * Level 2.2 Dodging
 + Level 2.0 Stealth
 + Level 2.0 Spellcasting
 * Level 5.1 Summonings


You had 3 spell levels left.
You knew the following spells:

 Your Spells              Type           Power      Damage    Failure   Level
a - Summon Small Mammal   Summ           68%        N/A       9%          1

Your spell library contained the following spells:

 Spells                   Type           Power      Damage    Failure   Level
 Call Imp                 Summ           17%        N/A       12%         2
 Call Canine Familiar     Summ           17%        N/A       24%         3
 Slow                     Hex            4%         N/A       56%         1
 Summon Guardian Golem    Hex/Summ       9%         N/A       56%         3
 Confusing Touch          Hex            1%         N/A       90%         3
 Vampiric Draining        Necr           1%         2d6       90%         3
 Summon Lightning Spire   Summ/Air       9%         N/A       93%         4


Dungeon Overview and Level Annotations

Branches:
Dungeon (1/15)

Altars:


Innate Abilities, Weirdness & Mutations

You have a beak for a mouth.
You have claws for feet.


Message History

Press: ? - help, Q - select action Dir - look around, f - activate The endoplasm freezes your rat.
Your rat is frozen.
Your rat dies!
Your rat's corpse disappears in a puff of smoke!
Your rat completely misses the endoplasm.
The endoplasm barely misses your rat.
Your rat bites the endoplasm.
The endoplasm dies!
A quokka comes into view.
The quokka moves out of view.
e - a fuming white potion
Casting: Summon Small Mammal (safe; 9% risk of failure)
Press: ? - help, Q - select action Dir - look around, f - activate A bat comes into view.
Your rat disappears in a puff of smoke!
Your bat barely misses the quokka.
The quokka closely misses your bat.
Your bat hits the quokka but does no damage.
Casting: Summon Small Mammal (safe; 9% risk of failure)
Press: ? - help, Q - select action Dir - look around, f - activate Your bat closely misses the quokka.
The bat hits you. The bat completely misses you. The quokka bites you.
You barely miss the bat. The bat hits you but does no damage.
The quokka bites you.
Your bat hits the quokka but does no damage.
You hit the bat. Your peck misses the bat.
The bat is severely wounded.
The bat hits you but does no damage.
Your bat barely misses the quokka.
The quokka bites you. The bat hits your rat.
Your bat barely misses the quokka.
The bat completely misses your bat.
The bat hits your rat but does no damage.
Your rat barely misses the bat.
You barely miss the quokka.
The bat hits your rat but does no damage.
Your bat hits the quokka. The bat barely misses your rat.
The quokka bites you but does no damage.
Your bat barely misses the quokka.
The bat barely misses your rat.
Your rat bites the bat.
The bat dies!
The quokka bites you.
You die...

#. ...#.#.. .. #...#.#.#
# #. #.#.....# ># ..
#.#.....##.# # #.
#.#........ #.. #.
#.#......# .
#...##.####.#.###..# ##.
#..?.$.r....#......##
...
..#...br@...#.......##.#
####.####......[#....#
#.####.........#..##
..........#.........
#..#.#....#.#)..†#.#.
#.....#..##.##.)#....
......#..#...#..#....
#..#$.#..#...#..#..#. .#
#.........###.


You could see a quokka (ally target), a friendly bat (summoned) and a friendly
rat (summoned).

Vanquished Creatures
  2 kobolds (D:1)
  A rat (D:1)
3 creatures vanquished.

Vanquished Creatures (collateral kills)
  2 endoplasms (D:1)
  A bat (D:1)
3 creatures vanquished.

Grand Total: 6 creatures vanquished

Notes
Turn   | Place    | Note
-------+----------+-------------------------------------------
     0 | D:1      | KJlag the Tengu Summoner began the quest for the Orb.
     0 | D:1      | Reached XP level 1. HP: 10/10 MP: 4/4
    28 | D:1      | Reached skill level 5 in Summonings
   112 | D:1      | Slain by a quokka

Illustrated notes

Levels and vault maps discovered:
D:1:      erik_arrival_blinker_ship, layout_loops_ring,
          dreamdust_ecumenical_altar_drowned_temple,
          chequers_serial_rivers_micro_d, minmay_pentomino_p4

Skill      XL: |  1 |
---------------+----+-----
Summonings     | 5 |  5.1
Dodging        | |  2.2
Stealth        | |  2.0
Spellcasting   | |  2.0

Action                   || total
-------------------------++-------
Melee: Unarmed           ||     5
       Short sword       ||     3
       Kick              ||     1
 Cast: Summon Small Mamm ||     7
Armor: Ring mail         ||     5
Dodge: Dodged            ||     3

Table legend: (Time is in decaauts)
 A = Elapsed time spent in this place.
 B = Non-inter-level travel time spent in this place.
 C = Inter-level travel time spent in this place.
 D = Time resting spent in this place.
 E = Time spent auto-exploring this place.
 F = Levels seen in this place.
 G = Mean time per level.
                   A        B        C        D        E       F      G
               +--------+--------+--------+--------+--------+-----+--------+
         Total |    111 |    111 |      0 |      0 |     52 |   1 |  111.0 |
       Dungeon |    111 |    111 |      0 |      0 |     52 |   1 |  111.0 |
               +--------+--------+--------+--------+--------+-----+--------+

Top non-repeatable levels by time:
     D:1: 111 daAuts
